 Dungeon Sprint DCSS version 0.32-a0-913-g739538afd8 (webtiles) character file.

Game seed: 3973331428417216338

786 jt the Cleaver (level 7, -2/103 HPs)
             Began as a Coglin Berserker on Apr 7, 2024.
             Was a Priest of Trog.
             Slain by a sixfirhy (5 damage)
             ... summoned by a kobold demonologist
             ... in the Dungeon (Sprint I: "Red Sonja").
             The game lasted 00:02:15 (532 turns).

jt the Cleaver (Coglin Berserker)                    Turns: 532, Time: 00:02:16

Health: -2/103     AC:  6    Str: 19    XL:     7   Next: 87%
Magic:  7/7        EV: 10    Int:  6    God:    Trog [***...]
Gold:   300        SH:  0    Dex: 14    Spells: 6/6 levels left

rFire   . . .        a - +0 hand axe {Yuphin}
rCold   . . .        k - +2 dagger (vamp) {Bastian}
rNeg    . . .        l - +0 ring mail
rPois   .            p - +0 helmet
rElec   .            (no cloak)
rCorr   .            (no gloves)
SInv    .            (no boots)
Will    .....        (amulet unavailable) Stlth
                     (ring unavailable)
HPRegen 0.37/turn    (ring unavailable)
MPRegen 0.10/turn    (no gizmo)

%: no teleportation
@: berserking (expiring), revving, very quick
A: off-hand wielding, slow wielding, warmup strikes, no jewellery
a: Invent Gizmo, Renounce Religion, Berserk, Trog's Hand


You were in the Dungeon.
You worshipped Trog.
Trog was most pleased with you.
You visited 1 branch You collected 419 gold pieces.
You spent 119 gold pieces at shops.

Inventory:

Hand Weapons
 a - a +0 hand axe (weapon) {Yuphin}
 c - a +0 dagger {Kamaljyot}
 k - a +2 vampiric dagger (offhand) {Bastian}
 m - a +0 scythe
Armour
 b - a +0 animal skin
 l - a +0 ring mail (worn)
 n - a +0 robe
 p - a +0 helmet (worn)
Wands
 j - a wand of paralysis (12)
Scrolls
 i - a scroll of blinking
 q - a scroll of poison
Potions
 d - a potion of curing
 e - a potion of heal wounds
 f - a potion of haste
 g - 2 potions of magic
 h - a potion of berserk rage
 o - a potion of mutation {unknown}


   Skills:
 + Level 11.6 Fighting
 + Level 12.1 Axes
 - Level 3.0 Armour
 - Level 1.7 Dodging
 + Level 1.5 Stealth
 + Level 2.3 Evocations


You had 6 spell levels left.
You didn't know any spells.
Your spell library was empty.

Dungeon Overview and Level Annotations

Branches:
Dungeon (1/1)

Altars:
Cheibriados
Dithmenos
Elyvilon
Fedhas
Gozag
Hepliaklqana
Kikubaaqudgha
Makhleb
Nemelex Xobeh
Okawaru
Qazlal
Ru
Sif Muna
Trog
Uskayaw
Vehumet
Wu Jian
Xom
Yredelemnul
Zin
The Shining One
Jiyva
Lugonu

Shops:
D *


Innate Abilities, Weirdness & Mutations

You can wield a second weapon in your off-hand.
It takes a long time for you to wield or remove held weapons.
Your first few attacks do less damage.
You cannot equip rings or amulets.


Message History

The sun demon hits you!
You are engulfed in flames!!
You slash the kobold demonologist with your +0 hand axe!
The kobold demonologist is moderately wounded.
You hit the sun demon with your +0 hand axe.
You slash the sixfirhy with your +0 hand axe!
You closely miss the kobold demonologist with your +2 vampiric dagger.
The kobold demonologist hits you but does no damage.
The orange demon stings you but does no damage.
You slash the kobold demonologist with your +0 hand axe!
The kobold demonologist is heavily wounded.
You hit the sun demon with your +0 hand axe.
You slash the sixfirhy with your +0 hand axe!
You puncture the kobold demonologist with your +2 vampiric dagger!
You feel better.
You feel less fragile. The sixfirhy closely misses you.
The sixfirhy barely misses you. The sun demon hits you!
* * * LOW HITPOINT WARNING * * *
You are engulfed in flames!
* * * LOW HITPOINT WARNING * * *
The kobold demonologist casts a cantrip, but nothing happens.
The kobold demonologist barely misses you.
Unknown command.
You hit the kobold demonologist with your +0 hand axe.
You kill the kobold demonologist!
Trog accepts your kill.
Trog appreciates your killing of a magic user.
The ufetubus disappears in a puff of smoke!
The shadow imp disappears in a puff of smoke!
The orange demon disappears in a puff of smoke!
The crimson imp disappears in a puff of smoke!
You hit the sun demon but do no damage.
You slash the sixfirhy with your +0 hand axe!
The sixfirhy hits you.
* * * LOW HITPOINT WARNING * * *
The sixfirhy shocks you!
* * * LOW HITPOINT WARNING * * *
The sixfirhy barely misses you. The sun demon barely misses you.
The sixfirhy hits you.
You die...

####################
'..#..'..#__#..'@)K#
#..'..#..'..'..#33§#
##'#####'#__####§§§+
#..#...#)#### #####
####..##.#
___##'#_.+
∩...†..._#
.__##_.#'#
___###+#.#


You could see a sun demon (summoned), a kobold demonologist and a sixfirhy
(summoned).

Vanquished Creatures
  A kobold demonologist (D)
  A glass eye (D)
  A slime creature (D)
  Sigmund (D)
  A yak (D)
  An ogre (D)
  A jelly (D)
  Ijyb (D)
8 creatures vanquished.

Notes
Turn   | Place    | Note
-------+----------+-------------------------------------------
     0 | D        | jt the Coglin Berserker began the quest for the Orb.
     0 | D        | Reached XP level 1. HP: 18/18 MP: 1/1
     1 | D        | Noticed Ijyb
    12 | D        | Paralysed by Ijyb for 3 turns
    16 | D        | Killed Ijyb
    17 | D        | Reached skill level 5 in Fighting
    17 | D        | Reached skill level 5 in Axes
    17 | D        | Reached XP level 2. HP: 9/27 MP: 2/2
    17 | D        | Reached XP level 3. HP: 11/33 MP: 3/3
   113 | D        | Noticed an ogre
   119 | D        | Killed an ogre
   120 | D        | Reached skill level 7 in Axes
   120 | D        | Reached XP level 4. HP: 41/41 MP: 4/4
   171 | D        | Noticed Sigmund
   182 | D        | Killed Sigmund
   182 | D        | Reached ** piety under Trog
   183 | D        | Reached skill level 9 in Axes
   183 | D        | Reached skill level 1 in Evocations
   183 | D        | Reached XP level 5. HP: 52/52 MP: 5/5
   183 | D        | Reached XP level 6. HP: 58/58 MP: 6/6
   249 | D        | Found a shimmering blue altar of Sif Muna.
   250 | D        | Found an ornate altar of the Wu Jian Council.
   251 | D        | Found a radiant altar of Vehumet.
   291 | D        | Found Zoikhlut's General Store.
   291 | D        | Found an ancient bone altar of Kikubaaqudgha.
   291 | D        | Found a hazy altar of Hepliaklqana.
   291 | D        | Found a stormy altar of Qazlal.
   291 | D        | Found a hide-covered altar of Uskayaw.
   291 | D        | Found a blossoming altar of Fedhas.
   291 | D        | Found a bloodstained altar of Trog.
   291 | D        | Found an iron altar of Okawaru.
   291 | D        | Found a basalt altar of Yredelemnul.
   291 | D        | Found a glowing golden altar of the Shining One.
   291 | D        | Found a snail-covered altar of Cheibriados.
   291 | D        | Found a sacrificial altar of Ru.
   291 | D        | Found a glowing silver altar of Zin.
   291 | D        | Found a shadowy altar of Dithmenos.
   291 | D        | Found a white marble altar of Elyvilon.
   291 | D        | Noticed a yak
   300 | D        | Killed a yak
   301 | D        | Reached skill level 10 in Fighting
   301 | D        | Reached skill level 10 in Axes
   301 | D        | Reached skill level 1 in Stealth
   301 | D        | Reached XP level 7. HP: 22/66 MP: 7/7
   301 | D        | Found an opulent altar of Gozag.
   302 | D        | Found a sparkling altar of Nemelex Xobeh.
   306 | D        | Bought a +0 helmet for 63 gold pieces
   311 | D        | Bought a scroll of poison for 56 gold pieces
   449 | D        | Found a viscous altar of Jiyva.
   449 | D        | Found a corrupted altar of Lugonu.
   449 | D        | Noticed a slime creature
   450 | D        | Found a burning altar of Makhleb.
   450 | D        | Found a shimmering altar of Xom.
   457 | D        | Killed a slime creature
   458 | D        | Reached skill level 11 in Axes
   523 | D        | Noticed a kobold demonologist
   523 | D        | Noticed a glass eye
   524 | D        | Noticed a sun demon
   524 | D        | Noticed a kobold demonologist
   525 | D        | Noticed a sixfirhy
   528 | D        | Killed a glass eye
   528 | D        | Reached *** piety under Trog
   529 | D        | Reached skill level 12 in Axes
   529 | D        | Noticed an orange demon
   532 | D        | Killed a kobold demonologist
   532 | D        | HP: 3/103 [sixfirhy[a kobold demonologist] (10)]
   532 | D        | Slain by a sixfirhy

Illustrated notes

Levels and vault maps discovered:
D:        dungeon_sprint_1 [red_sonja_temple_1, red_sonja_temple_small_1]

Skill      XL: |  1  2  3  4  5  6  7 |
---------------+----------------------+-----
Fighting       | 5 6 9 10 11 | 11.6
Axes           | 5 7 9 10 12 | 12.1
Armour         | 2 3 |  3.0
Evocations     | 1 2 |  2.3
Stealth        | 1 |  1.5
Dodging        | |  1.7

Action                     |  1- 3 |  4- 6 |  7- 9 || total
---------------------------+-------+-------+-------++-------
  Melee: Dagger            |    15 |    13 |    10 ||    38
         Hand axe          |    14 |    14 |    12 ||    40
 Invoke: Berserk           |     2 |     1 |     2 ||     5
  Evoke: Wand              |     1 |       |       ||     1
 Armour: Animal skin       |     6 |       |       ||     6
         Ring mail         |       |    10 |     9 ||    19
  Dodge: Dodged            |     2 |     3 |     9 ||    14

Table legend: (Time is in decaauts)
 A = Elapsed time spent in this place.
 B = Non-inter-level travel time spent in this place.
 C = Inter-level travel time spent in this place.
 D = Time resting spent in this place.
 E = Time spent auto-exploring this place.
 F = Levels seen in this place.
 G = Mean time per level.
                   A        B        C        D        E       F      G
               +--------+--------+--------+--------+--------+-----+--------+
         Total |    568 |    568 |      0 |    376 |      0 |   1 |  568.0 |
       Dungeon |    568 |    568 |      0 |    376 |      0 |   1 |  568.0 |
               +--------+--------+--------+--------+--------+-----+--------+

Top non-repeatable levels by time:
       D: 568 daAuts
